 Dungeon Crawl Stone Soup version 0.21.1-1-g345015f (webtiles) character file.

19423 Monsterracer the Martial Artist (level 12, -3/110 HPs)
             Began as a Minotaur Monk on May 30, 2018.
             Slain by a blink frog (11 damage)
             ... on level 2 of the Lair of Beasts.
             The game lasted 00:23:00 (17944 turns).

Monsterracer the Martial Artist (Minotaur Monk)    Turns: 17944, Time: 00:23:01

Health: -3/110     AC:  5    Str: 16    XL:     12   Next: 36%
Magic:  11/11      EV: 20    Int:  7    God:
Gold:   818        SH:  0    Dex: 18    Spells: 11/11 levels left

rFire    + . .     SeeInvis .     - Unarmed
rCold    + . .     Gourm    .   (no shield)
rNeg     . . .     Faith    .   (no armour)
rPois    .         Spirit   .   z - +0 hat "Dael" {rC+}
rElec    .         Reflect  .   (no cloak)
rCorr    .         Harm     .   r - +2 pair of gloves
MR       +....                  v - +1 pair of boots
Stlth    ++++......             (no amulet)
HPRegen  0.28/turn              t - ring of protection from fire {!d}
MPRegen  0.12/turn              y - ring of protection from magic {!d}

@: no status effects
A: retaliatory headbutt, horns 2
a: no special abilities


You were on level 2 of the Lair of Beasts.
You were not hungry.

You visited 3 branches of the dungeon, and saw 15 of its levels.
You also visited: Sewer.

You collected 818 gold pieces.

Inventory:

Armour
 r - a +2 pair of gloves (worn)
 v - a +1 pair of boots (worn)
 z - the +0 hat "Dael" (worn) {rC+}
   (You acquired it on level 10 of the Dungeon)

   It protects you from cold.
Jewellery
 a - an uncursed ring of positive energy
 t - a ring of protection from fire (left hand) {!d}
 y - a ring of protection from magic (right hand) {!d}
Wands
 j - a wand of acid (4)
Scrolls
 f - 7 scrolls of remove curse
 m - a scroll of blinking
 o - a scroll of summoning {!r}
 q - 3 scrolls of teleportation
 s - 3 scrolls of magic mapping {!r}
 w - a scroll of immolation {!r}
Potions
 b - 4 potions of curing
 d - 4 potions of flight
 e - 2 potions of brilliance
 g - a potion of resistance {unknown}
 i - 3 potions of ambrosia {!q}
 k - 2 potions of haste
 l - a potion of lignification {unknown}
 n - 2 potions of might
 p - 2 potions of berserk rage {!q}
 u - a potion of cancellation {unknown}
 x - 2 potions of heal wounds {unknown}
 A - a potion of mutation {unknown}
Comestibles
 c - 29 rations


   Skills:
 + Level 11.3 Fighting
 + Level 10.4 Dodging
 + Level 8.5 Stealth
 * Level 14.5 Unarmed Combat


You had 11 spell levels left.
You didn't know any spells.

Dungeon Overview and Level Annotations

Branches:
Dungeon (11/15)            Temple (0/1) D:6            Lair (3/6) D:11
    Orc (1/2) D:10
  Swamp: Lair:2-4    Shoals: Lair:2-4     Snake: Lair:2-4    Spider: Lair:2-4

Altars:
Cheibriados
Dithmenos
Elyvilon
Fedhas
Hepliaklqana
Kikubaaqudgha
Makhleb
Okawaru
Qazlal
Uskayaw
Vehumet
Wu Jian
Yredelemnul

Shops:
D:4 }   D:9 [:*(

Portals:
Ice
Cave: Lair:1

Annotations:
D:3 Trampli's ghost, amateur MiFi
Lair:3 Snorg


Innate Abilities, Weirdness & Mutations

You reflexively headbutt those who attack you in melee.
You have a pair of horns on your head.


Message History

You swing at nothing.
You swing at nothing.
You swing at nothing.
You punch the blink frog! You punch the blink frog.
The blink frog is heavily wounded.
The blink frog hits you!
* * * LOW HITPOINT WARNING * * *
You take 7 damage, and have 33/110 hp.
You closely miss the blink frog.
The blink frog is heavily wounded.
The blink frog hits you!
* * * LOW HITPOINT WARNING * * *
The blink frog blinks!
You take 7 damage, and have 26/110 hp.
You swing at nothing.
The blink frog blinks!
You swing at nothing.
You hit the blink frog but do no damage.
The blink frog is heavily wounded.
The blink frog blinks!
You swing at nothing.
You swing at nothing.
You swing at nothing.
You swing at nothing.
You swing at nothing.
You miss the blink frog.
The blink frog is heavily wounded.
The blink frog hits you!
* * * LOW HITPOINT WARNING * * *
The blink frog blinks!
You take 9 damage, and have 18/110 hp.
You hit the blink frog.
The blink frog is heavily wounded.
The blink frog barely misses you. The blink frog closely misses you.
You furiously retaliate!
You headbutt the blink frog! You barely miss the blink frog.
Your headbutt misses the blink frog.
The blink frog is almost dead.
You punch the blink frog!
You kill the blink frog!
You swing at nothing.
You swing at nothing.
You swing at nothing.
You closely miss the blink frog. Your headbutt misses the blink frog.
The blink frog is moderately wounded.
The blink frog closely misses you.
You hit the blink frog.
The blink frog is heavily wounded.
The blink frog barely misses you.
You barely miss the blink frog. You headbutt the blink frog!
The blink frog is severely wounded.
The blink frog hits you!
* * * LOW HITPOINT WARNING * * *
You take 15 damage, and have 5/110 hp.
You hit the blink frog but do no damage.
The blink frog is severely wounded.
The blink frog hits you.
* * * LOW HITPOINT WARNING * * *
The blink frog blinks!
You take 4 damage, and have 1/110 hp.
You swing at nothing.
The blink frog blinks!
You swing at nothing.
You swing at nothing.
You swing at nothing.
You swing at nothing.
You swing at nothing.
All of the chunks of flesh in your inventory have rotted away.
You swing at nothing.
You swing at nothing.
The blink frog blinks!
You swing at nothing.
You swing at nothing.
You swing at nothing.
The blink frog blinks!
You swing at nothing.
You swing at nothing.
You swing at nothing.
You swing at nothing.
You swing at nothing.
You swing at nothing.
The blink frog blinks!
You swing at nothing.
You swing at nothing.
You swing at nothing.
You swing at nothing.
You swing at nothing.
You swing at nothing.
You closely miss the blink frog.
The blink frog is heavily wounded.
The blink frog hits you but does no damage.
You completely miss the blink frog. You punch the blink frog.
The blink frog is severely wounded.
The blink frog closely misses you.
You completely miss the blink frog.
The blink frog is severely wounded.
The blink frog blinks!
You swing at nothing.
You start resting.
You hit the blink frog. You headbutt the blink frog.
The blink frog is almost dead.
The blink frog hits you but does no damage.
You hit the blink frog but do no damage.
The blink frog is almost dead.
The blink frog hits you!
You die...

#............... .# ##
#...............
..##.##...............
......................
......................
..................
##..##.....#.#.####
.....[....#####
........###@# ###
..♣......#F##...##
♣♣.♣......%.......
♣♣♣..............
...♣♣...............
....................
..............?....<
....................
..........F.........


You could see a blink frog.

Vanquished Creatures
  5 two-headed ogres
  An unseen horror (D:11)
  The ghost of diana the Carver, a novice DsGl of Ashenzari (D:8)
  2 black mambas (Lair:2)
  2 spiny frogs (Lair:3)
  2 komodo dragons
  2 tyrant leeches (Lair:2)
  2 trolls
  8 blink frogs (Lair:2)
  7 hippogriffs
  A wraith (D:10)
  16 yaks
  A human (D:7)
  4 hogs (D:7)
  4 hungry ghosts
  Menkaure (D:7)
  11 water moccasins
  2 porcupines
  4 orc warriors
  5 sky beasts
  2 ice beasts
  7 ogres
  2 black bears
  2 phantoms
  A necrophage (D:9)
  A centaur (D:11)
  A big kobold (D:11)
  2 crocodiles
  6 bullfrogs
  2 scorpions (D:10)
  4 killer bees
  3 wights (D:9)
  3 howler monkeys
  6 crimson imps
  A quasit (D:8)
  6 orc priests
  A bullfrog skeleton (D:4)
  6 hounds
  3 jellies
  12 orc wizards
  2 centaur skeletons
  3 iguanas
  8 worker ants
  2 killer bee zombies
  A hound zombie (D:7)
  2 hound skeletons
  A worker ant zombie (D:8)
  6 adders
  3 oozes
  2 adder skeletons (D:4)
  2 worms
  3 dart slugs
  5 leopard geckos
  62 orcs
  2 bat zombies (D:6)
  14 giant cockroaches
  9 goblins
  9 hobgoblins
  5 jackals
  13 kobolds
  5 quokkas
  5 ball pythons
  10 bats
  6 frilled lizards
  A giant cockroach zombie (D:6)
  A jackal zombie (D:6)
  A leopard gecko zombie (D:5)
  7 rats
  2 rat zombies (D:6)
344 creatures vanquished.

Vanquished Creatures (others)
  An orc wizard (D:8)
  An orc (D:5)
  A quokka (D:5)
  6 fungi (Lair:2)
  4 plants (Lair:2)
13 creatures vanquished.

Grand Total: 357 creatures vanquished

Notes
Turn   | Place    | Note
-------+----------+-------------------------------------------
     0 | D:1      | Monsterracer the Minotaur Monk began the quest for the Orb.
     0 | D:1      | Reached XP level 1. HP: 19/19 MP: 0/0
    82 | D:1      | Reached XP level 2. HP: 19/26 MP: 1/1
    88 | D:1      | Reached skill level 4 in Unarmed Combat
   801 | D:1      | Reached XP level 3. HP: 31/31 MP: 2/2
  1226 | D:2      | HP: 7/31 [worm (11)]
  1287 | D:2      | HP: 4/31 [worm (9)]
  1558 | D:2      | Reached skill level 5 in Unarmed Combat
  1559 | D:2      | HP: 14/31 [giant cockroach (2)]
  1774 | D:2      | Found a shadowy altar of Dithmenos.
  1787 | D:2      | Found a snail-covered altar of Cheibriados.
  1798 | D:2      | Reached XP level 4. HP: 39/39 MP: 3/3
  2217 | D:2      | Found a blossoming altar of Fedhas.
  2387 | D:3      | Reached skill level 6 in Unarmed Combat
  2457 | D:3      | Found a glowing drain.
  2506 | Sewer    | Entered a sewer
  2718 | Sewer    | Noticed a crocodile
  2729 | Sewer    | Killed a crocodile
  2729 | Sewer    | Reached XP level 5. HP: 26/46 MP: 4/4
  2952 | D:3      | Found a stormy altar of Qazlal.
  2957 | D:3      | Noticed a phantom
  2973 | D:3      | Killed a phantom
  2973 | D:3      | Reached XP level 6. HP: 39/52 MP: 5/5
  2982 | D:3      | HP: 23/53 [orc wizard/puff of frost (7)]
  3234 | D:3      | Found an ornate altar of the Wu Jian Council.
  3359 | D:3      | Noticed Trampli's ghost (amateur MiFi)
  3417 | D:4      | Reached skill level 7 in Unarmed Combat
  3421 | D:4      | HP: 25/53 [orc wizard/magic dart (8)]
  3740 | D:3      | Found a burning altar of Makhleb.
  3795 | D:3      | Found an iron altar of Okawaru.
  3908 | D:4      | Found a radiant altar of Vehumet.
  3942 | D:4      | Reached XP level 7. HP: 39/60 MP: 6/6
  4110 | D:4      | Found Juseix's Gadget Shoppe.
  4600 | D:5      | Entered Level 5 of the Dungeon
  4607 | D:5      | Found a basalt altar of Yredelemnul.
  4639 | D:5      | Reached skill level 5 in Fighting
  4652 | D:5      | Found a white marble altar of Elyvilon.
  5095 | D:5      | Reached skill level 8 in Unarmed Combat
  5501 | D:6      | Reached skill level 5 in Dodging
  5787 | D:6      | Found a hide-covered altar of Uskayaw.
  5830 | D:6      | Reached XP level 8. HP: 66/69 MP: 7/7
  5959 | D:6      | Got a twisted chain mail
  5968 | D:6      | Found a staircase to the Ecumenical Temple.
  6314 | D:6      | Found an ancient bone altar of Kikubaaqudgha.
  6784 | D:7      | HP: 34/70 [hog (5)]
  6976 | D:7      | Reached skill level 9 in Unarmed Combat
  6980 | D:7      | HP: 28/71 [hog (9)]
  7194 | D:7      | HP: 32/71 [hog (10)]
  7408 | D:7      | Noticed Menkaure
  7415 | D:7      | HP: 30/71 [Menkaure (11)]
  7418 | D:7      | Killed Menkaure
  7418 | D:7      | Reached XP level 9. HP: 21/78 MP: 8/8
  7931 | D:7      | HP: 39/79 [something (2)]
  8122 | D:7      | Reached skill level 10 in Unarmed Combat
  8147 | D:7      | Identified the +8 chain mail of Sloth {rF+ rC+ Str+3} (You found it on level 6 of the Dungeon)
  8272 | D:7      | Reached skill level 5 in Stealth
  8541 | D:8      | Noticed a two-headed ogre
  8606 | D:8      | Noticed diana's ghost (novice DsGl)
  8826 | D:7      | HP: 40/81 [poisoned by a killer bee]
  8833 | D:7      | HP: 39/81 [poisoned by a killer bee]
  8840 | D:7      | HP: 39/81 [poisoned by a killer bee]
  8848 | D:7      | HP: 38/81 [poisoned by a killer bee]
  9045 | D:8      | Killed diana's ghost
  9045 | D:8      | Reached skill level 11 in Unarmed Combat
  9165 | D:8      | HP: 33/81 [two-headed ogre/giant club (18)]
  9166 | D:8      | Killed a two-headed ogre
  9166 | D:8      | Reached XP level 10. HP: 31/90 MP: 9/9
  9982 | D:8      | Noticed a two-headed ogre
 10160 | D:8      | HP: 45/90 [two-headed ogre/giant club (17)]
 10163 | D:8      | Killed a two-headed ogre
 10442 | D:8      | Noticed a two-headed ogre
 10450 | D:8      | HP: 45/90 [two-headed ogre/giant spiked club (18)]
 10452 | D:8      | Killed a two-headed ogre
 10452 | D:8      | Reached skill level 12 in Unarmed Combat
 10583 | D:8      | HP: 43/91 [orc warrior/trident (4)]
 10596 | D:8      | HP: 44/91 [orc priest/trident (2)]
 11349 | D:9      | Found Gigecwy's Weapon Shop.
 11376 | D:9      | Found Lahuff's Book Shoppe.
 11411 | D:9      | HP: 35/91 [troll (12)]
 11640 | D:9      | Found Heijag's Assorted Antiques.
 11666 | D:9      | HP: 40/91 [wight/enchanted spear (6)]
 11671 | D:9      | HP: 37/91 [wight/enchanted spear (2)]
 11899 | D:9      | Found Wecipt's Armour Shop.
 12187 | D:9      | Noticed a lindwurm
 12225 | D:9      | Noticed a lindwurm
 12233 | D:10     | Entered Level 10 of the Dungeon
 12261 | D:10     | Reached XP level 11. HP: 89/97 MP: 10/10
 12321 | D:10     | Noticed a two-headed ogre
 12330 | D:10     | HP: 41/97 [two-headed ogre/giant club (16)]
 12332 | D:10     | Killed a two-headed ogre
 12336 | D:10     | HP: 42/99 [wraith (1)]
 12677 | D:10     | HP: 49/99 [something (6)]
 12882 | D:10     | Found a staircase to the Orcish Mines.
 12925 | D:10     | Found a flagged portal.
 13135 | D:10     | HP: 34/99 [orc warrior/dire flail (21)]
 13153 | D:9      | HP: 29/99 [orc warrior/battleaxe (9)]
 13470 | D:10     | Identified a scroll of acquirement
 13492 | D:10     | Got a faintly humming hat
 13498 | D:10     | Identified the +0 hat "Dael" {rC+} (You acquired it on level 10 of the Dungeon)
 13876 | D:10     | Reached skill level 10 in Fighting
 13916 | Orc:1    | Entered Level 1 of the Orcish Mines
 13947 | Orc:1    | Noticed an orc knight
 14059 | D:11     | Reached skill level 13 in Unarmed Combat
 14072 | D:11     | HP: 45/99 [yak (12)]
 14079 | D:11     | HP: 39/99 [something/puff of flame (7)]
 14632 | D:11     | Found a staircase to the Lair.
 14666 | D:11     | Noticed a two-headed ogre
 14674 | D:11     | Killed a two-headed ogre
 15043 | D:11     | Killed an unseen horror
 15267 | Lair:1   | Entered Level 1 of the Lair of Beasts
 15374 | Lair:1   | Noticed a five-headed hydra
 15375 | Lair:1   | Found a frozen archway.
 15376 | Lair:1   | Noticed a five-headed hydra
 15629 | Lair:2   | Noticed a seven-headed hydra
 15634 | Lair:2   | HP: 42/101 [seven-headed hydra (9)]
 15659 | Lair:2   | HP: 27/101 [blink frog (11)]
 15670 | Lair:2   | HP: 28/101 [yak (2)]
 15681 | Lair:2   | HP: 20/101 [yak (3)]
 16224 | Lair:3   | Found a hazy altar of Hepliaklqana.
 16227 | Lair:3   | Noticed Snorg
 16299 | Lair:3   | Reached skill level 10 in Dodging
 16299 | Lair:3   | Reached XP level 12. HP: 60/108 MP: 11/11
 16523 | Lair:2   | Reached skill level 14 in Unarmed Combat
 16639 | Lair:2   | HP: 54/110 [black mamba (5)]
 16644 | Lair:2   | HP: 41/110 [poisoned by a black mamba]
 16649 | Lair:2   | HP: 19/110 [poisoned by a water moccasin]
 17163 | Lair:2   | Found the +8 whip "Snakebite" {curare, rPois}
 17242 | Lair:2   | HP: 34/110 [tyrant leech (32)]
 17249 | Lair:2   | HP: 10/110 [tyrant leech (25)]
 17648 | Lair:2   | HP: 55/110 [tyrant leech (23)]
 17662 | Lair:2   | HP: 42/110 [blink frog (16)]
 17668 | Lair:2   | HP: 14/110 [blink frog (15)]
 17879 | Lair:2   | HP: 55/110 [blink frog (10)]
 17891 | Lair:2   | HP: 33/110 [blink frog (7)]
 17901 | Lair:2   | HP: 18/110 [blink frog (9)]
 17910 | Lair:2   | HP: 5/110 [blink frog (15)]
 17911 | Lair:2   | HP: 1/110 [blink frog (4)]
 17944 | Lair:2   | Slain by a blink frog

Skill      XL: |  1  2  3  4  5  6  7  8  9 10 11 12 |
---------------+-------------------------------------+-----
Unarmed Combat | 4 5 6 7 8 9 11 12 13 14 | 14.5
Fighting       | 4 5 6 8 9 10 11 | 11.3
Stealth        | 2 3 4 5 6 8 |  8.5
Dodging        | 4 5 6 7 8 10 | 10.4

Action                   |  1- 3 |  4- 6 |  7- 9 | 10-12 || total
-------------------------+-------+-------+-------+-------++-------
Melee: Unarmed           |    94 |   128 |   278 |   595 ||  1095
       Headbutt          |    12 |    17 |    67 |   122 ||   218
       Punch             |     1 |     5 |     8 |    33 ||    47
  Use: Scroll            |       |     7 |     5 |    13 ||    25
       Potion            |       |       |       |     1 ||     1
 Stab: Sleeping          |       |     4 |     9 |    11 ||    24
  Eat: Chunk             |     3 |     6 |    15 |    24 ||    48
       Ration            |       |       |     1 |     2 ||     3
Armor: Skin              |       |       |    26 |    48 ||    74
Dodge: Dodged            |    67 |    93 |   188 |   379 ||   727

Vault maps used:
D:1:      lemuel_arrival_room
D:2:      lemuel_doored_altar, cheibriados_altar_1, lemuel_crystal_altar,
          solitary_fountain
D:3:      overflow_temple_1_default, nicolae_overflow_crystal_walls,
          marbit_many_paths, kennysheep_okawaru_gauntlet, first_ration,
          portal_sewer_entry_f
D:4:      overflow_temple_1_default, serial_shops, shop
D:5:      overflow_temple_1_default, elyvilon_altar_4
D:6:      lemuel_zombie_altar_kikubaaqudgha, old_standard_altar,
          minmay_temple_entry_crystal_x, kennysheep_generic_room_15
D:7:      grunt_decor_resistance, grunt_livestock, uniq_menkaure
D:8:      small_chamber_with_monster
D:9:      serial_shops, nicolae_shop_stone, nicolae_shop_behind_doors,
          nicolae_shop_stone, shop, minmay_lindwurm_lava
D:10:     orc_david_3, enter_bailey_8
D:11:     lair_entry_dummy
Lair:1:   lab_entry_generic, portal_ice_cave_entry_ice_beasts
Lair:2:   minmay_guarded_unrand_snakebite, minmay_swamp_entry_worms,
          nicolae_lair_grove_arrangements, lemuel_oklob_altar,
          grunt_megastairs_3, uniq_erica
Lair:3:   basic_altar, serial_bayou_shore_b, serial_bayou_shore_a, uniq_snorg
Orc:1:    basic_altar, nicolae_orc_rockfall
Sewer:    sewer_the_crocodile
